 Dungeon Crawl Stone Soup version 0.23.2-1-ga50397a (webtiles) character file.

Game seed: 1821576730272901150

12795 doot the Thaumaturge (level 11, -7/57 HPs)
             Began as a Deep Elf Wizard on May 5, 2019.
             Was an Elder of Vehumet.
             Killed from afar by an electric eel (9 damage)
             ... with a bolt of electricity
             ... on level 1 of the Lair of Beasts.
             The game lasted 01:01:58 (19127 turns).

doot the Thaumaturge (Deep Elf Wizard)             Turns: 19127, Time: 01:01:59

Health: -7/57      AC:  7    Str:  4    XL:     11   Next: 67%
Magic:  25/31      EV: 13    Int: 32    God:    Vehumet [****..]
Gold:   631        SH:  0    Dex: 13    Spells: 17/39 levels left

rFire    + . .     SeeInvis .   a - +2 dagger (speed)
rCold    x . .     Gourm    .   (no shield)
rNeg     . . .     Faith    .   M - +0 troll leather armour
rPois    +         Spirit   .   n - +0 hat
rElec    .         Reflect  .   (no cloak)
rCorr    .         Harm     .   (no gloves)
MR       +....                  e - +2 pair of boots {Fly}
Stlth    +++.......             v - amulet of regeneration
HPRegen  0.99/turn              I - +3 ring of intelligence
MPRegen  0.22/turn              p - ring of fire

@: flying
A: clever 1, poison resistance, wild magic 1, MP-powered wands
a: Renounce Religion, Stop Flying


You were on level 1 of the Lair of Beasts.
You worshipped Vehumet.
Vehumet was greatly pleased with you.
You were hungry.

You visited 3 branches of the dungeon, and saw 13 of its levels.

You collected 631 gold pieces.

Inventory:

Hand Weapons
 a - a +2 dagger of speed (weapon)
 q - a +2 great sword of holy wrath
Missiles
 C - 2 throwing nets (quivered)
Armour
 e - a +2 pair of boots of flying (worn)
 m - a +0 robe
 n - a +0 hat (worn)
 B - the +0 leather armour of the Serpent {-Tele Str+2 Int+3}
   (You found it on level 7 of the Dungeon)

   It affects your strength (+2).
   It affects your intelligence (+3).
   It prevents most forms of teleportation.
 M - a +0 troll leather armour (worn)
Magical Staves
 b - an uncursed staff of poison
Jewellery
 l - an uncursed ring of protection from fire {unknown}
 p - a ring of fire (right hand)
 u - a +3 ring of intelligence
 v - an amulet of regeneration (around neck)
 y - an uncursed ring of protection from cold
 A - an uncursed ring of positive energy
 F - an uncursed ring of protection from magic
 I - a +3 ring of intelligence (left hand)
 K - an uncursed ring of protection from cold
Wands
 t - a wand of random effects (35)
 G - a wand of disintegration (6)
 N - a wand of acid (8)
 P - a wand of clouds (3)
Scrolls
 g - a scroll of immolation {unknown}
 k - a scroll of random uselessness {unknown}
 o - 6 scrolls of amnesia
 r - a scroll of blinking {unknown}
 w - 3 scrolls of fog
 x - 2 scrolls of enchant armour
 D - 3 scrolls of enchant weapon {unknown}
 E - a scroll of magic mapping {unknown}
 H - 2 scrolls of teleportation
 L - 4 scrolls of identify
 O - 3 scrolls of remove curse
Potions
 c - 2 potions of flight
 f - 4 potions of heal wounds
 h - 2 potions of curing
 i - a potion of brilliance
 j - a potion of haste {unknown}
 s - 4 potions of lignification
 z - a potion of degeneration {unknown}
 J - a potion of magic {unknown}
Comestibles
 d - 20 rations


   Skills:
 + Level 2.2 Fighting
 + Level 4.3 Short Blades
 + Level 2.2 Armour
 + Level 5.4 Dodging
 + Level 6.8 Stealth
 + Level 14.8 Spellcasting
 + Level 8.7 Conjurations
 + Level 4.0 Summonings
 + Level 2.5 Translocations
 + Level 6.8 Fire Magic
 + Level 3.4 Air Magic
 + Level 2.7 Poison Magic
 + Level 1.1 Evocations


You had 17 spell levels left.
You knew the following spells:

 Your Spells              Type           Power        Failure   Level  Hunger
a - Magic Dart            Conj           ####         1%          1    None
b - Blink                 Tloc           N/A          3%          2    None
c - Call Imp              Summ           ######..     1%          2    None
d - Slow                  Hex            ####....     8%          2    None
e - Conjure Flame         Conj/Fire      #######.     1%          3    None
f - Mephitic Cloud        Conj/Pois/Air  ######..     1%          3    None
g - Throw Flame           Conj/Fire      ######       1%          2    None
h - Ignite Poison         Fire/Tmut/Pois ######..     1%          3    None
i - Sticky Flame          Conj/Fire      #######.     1%          4    None

Your spell library contained the following spells:

 Spells                   Type           Power        Failure   Level  Hunger


Dungeon Overview and Level Annotations

Branches:
Dungeon (11/15)            Temple (1/1) D:7            Lair (1/6) D:9
    Orc: D:9-12

Altars:
Ashenzari
Cheibriados
Dithmenos
Elyvilon
Fedhas
Gozag
Hepliaklqana
Kikubaaqudgha
Makhleb
Nemelex Xobeh
Okawaru
Qazlal
Ru
Sif Muna
Trog
Uskayaw
Vehumet
Wu Jian
Xom
Yredelemnul
Zin
The Shining One

Shops:
D:5 *==(   D:9 !

Annotations:
D:6 3 runed translucent doors, Aske's ghost, novice GrGl
D:7 Maurice
D:9 1 runed translucent door
Lair:1 exclusion: oklob plant


Innate Abilities, Weirdness & Mutations

Your mind is acute. (Int +2)
Your system is resistant to poisons. (rPois)
Your spells are a little harder to cast, but a little more powerful.
You expend magic power (3 MP) to strengthen your wands.


Message History

You feel a surge of power!
The sticky flame hits the spiny frog!
The spiny frog is severely wounded.
The spiny frog is covered in liquid flames!
The spiny frog burns!
The spiny frog misses you. The spiny frog stings you!
The spiny frog burns!
The spiny frog stings you!
The spiny frog burns!
The spiny frog burns!
You kill the spiny frog!
Vehumet accepts your kill.
You feel your power returning. The komodo dragon barely misses you.
An electric eel comes into view.
The komodo dragon bites you!!
Ouch! That really hurt!
* * * LOW HITPOINT WARNING * * *
The komodo dragon bites you!
* * * LOW HITPOINT WARNING * * *
The electric eel shoots out a bolt of lightning at you!
The bolt of electricity hits you!
You die...

#.## ##..
#..#####.#..#
#............
#...........#
#...†.......#
#...........#
####≈......#
#≈......+.
##l@......8
#≈≈≈≈....+.
#≈≈≈≈....#
#≈≈≈≈≈......
#≈≈≈≈≈≈.....
≈≈≈≈≈≈......
≈≈≈≈≈≈≈......
≈;≈≈≈≈........
≈≈≈##≈≈≈......


You could see a komodo dragon and an electric eel.

Vanquished Creatures
  Harold (D:8)
  Pikel (D:8)
  A centaur zombie (D:9)
  2 spiny frogs (Lair:1)
  A troll (D:10)
  7 blink frogs (Lair:1)
  2 hippogriffs
  Sigmund (D:5)
  A wyvern (D:10)
  A wraith (D:10)
  5 yaks
  A hungry ghost (D:8)
  7 porcupines
  3 slaves (D:8)
  2 black bears
  A hornet zombie (D:6)
  5 orc warriors
  5 sky beasts
  4 phantoms
  7 ogres
  2 necrophages (D:10)
  2 wolves (Lair:1)
  2 centaurs
  3 crocodiles
  A gnoll sergeant (D:7)
  14 bullfrogs
  4 scorpions
  8 jellies
  12 wights
  11 killer bees (D:10)
  A howler monkey (D:6)
  An electric eel (Lair:1)
  A bullfrog zombie (D:9)
  2 crimson imps (D:7)
  7 orc priests
  3 hounds
  4 bullfrog skeletons
  A centaur skeleton (D:4)
  Ijyb (D:5)
  3 iguanas
  11 orc wizards
  5 worker ants
  A hound zombie (D:10)
  2 hound skeletons (D:5)
  Robin (D:3)
  12 gnolls
  3 shadow imps
  10 adders
  8 oozes
  3 adder skeletons
  3 worms
  2 dart slugs (D:1)
  5 leopard geckos
  39 orcs
  8 giant cockroaches
  29 goblins
  6 hobgoblins
  5 jackals
  3 quokkas
  A ball python (D:3)
  8 bats
  4 frilled lizards
  2 jackal skeletons (D:4)
  6 kobolds
  2 quokka zombies
  6 rats
326 creatures vanquished.

Vanquished Creatures (collateral kills)
  A hippogriff (D:8)
  An orc warrior (D:7)
  An ogre (D:4)
  A crimson imp (D:5)
  2 hounds (D:7)
  3 orc priests
  A bullfrog skeleton (D:4)
  An orc wizard (D:4)
  A killer bee zombie (D:8)
  A hound zombie (D:8)
  A gnoll (D:7)
  An adder (D:2)
  2 worms (D:2)
  2 orcs
  A quokka (D:5)
  A quokka skeleton (D:5)
  A rat (D:2)
22 creatures vanquished.

Vanquished Creatures (others)
  29 fungi
  12 plants
41 creatures vanquished.

Grand Total: 389 creatures vanquished

Notes
Turn   | Place    | Note
-------+----------+-------------------------------------------
     0 | D:1      | doot the Deep Elf Wizard began the quest for the Orb.
     0 | D:1      | Reached XP level 1. HP: 10/10 MP: 7/7
   306 | D:1      | Reached skill level 5 in Spellcasting
   306 | D:1      | Reached XP level 2. HP: 15/15 MP: 5/10
   313 | D:1      | Learned a level 2 spell: Blink
   316 | D:1      | Learned a level 2 spell: Call Imp
   319 | D:1      | Learned a level 2 spell: Slow
   436 | D:2      | Noticed a phantom
   694 | D:2      | Reached XP level 3. HP: 19/19 MP: 7/12
   699 | D:2      | Learned a level 3 spell: Conjure Flame
   703 | D:2      | Learned a level 3 spell: Mephitic Cloud
  1088 | D:3      | Reached skill level 6 in Spellcasting
  1659 | D:4      | Reached XP level 4. HP: 24/24 MP: 8/14
  1838 | D:4      | Reached skill level 7 in Spellcasting
  1966 | D:4      | Noticed an ogre
  2307 | D:3      | Noticed Robin
  2321 | D:3      | Killed Robin
  2321 | D:3      | Reached XP level 5. HP: 21/28 MP: 10/16
  3903 | D:4      | Killed an ogre
  3903 | D:4      | Reached skill level 8 in Spellcasting
  3903 | D:4      | Reached XP level 6. HP: 9/32 MP: 0/19
  4469 | D:5      | Entered Level 5 of the Dungeon
  4518 | D:5      | Found Sidinne's Jewellery Boutique.
  4526 | D:5      | Reached skill level 1 in Air Magic
  4612 | D:5      | Noticed Sigmund
  4618 | D:5      | Killed Sigmund
  4618 | D:5      | Reached skill level 1 in Fighting
  4618 | D:5      | Reached skill level 1 in Short Blades
  4618 | D:5      | Reached XP level 7. HP: 38/38 MP: 8/20
  4884 | D:5      | Found Poxkomut's Assorted Antiques.
  4962 | D:4      | Reached skill level 1 in Poison Magic
  5601 | D:5      | Reached skill level 9 in Spellcasting
  5838 | D:5      | Noticed Ijyb
  5844 | D:5      | Killed Ijyb
  6062 | D:5      | Found Afaifopi's Antique Weapon Boutique.
  6102 | D:5      | Found Dazxoum's Jewellery Shop.
  6524 | D:6      | Found a runed translucent gate.
  6524 | D:6      | Found a runed translucent gate.
  6524 | D:6      | Found a runed translucent gate.
  6527 | D:6      | Noticed Aske's ghost (novice GrGl)
  6727 | D:6      | Reached XP level 8. HP: 43/43 MP: 18/23
  7273 | D:7      | Reached skill level 1 in Fire Magic
  7993 | D:7      | Reached skill level 10 in Spellcasting
  8407 | D:7      | Got a jewelled leather armour
  8419 | D:7      | Identified the cursed +0 leather armour of the Serpent
                  | {-Tele Str+2 Int+3} (You found it on level 7 of the
                  | Dungeon)
  8568 | D:7      | Found a stormy altar of Qazlal.
  8570 | D:7      | Found a blossoming altar of Fedhas.
  8896 | D:7      | Reached XP level 9. HP: 47/47 MP: 21/25
  8898 | D:7      | Reached skill level 11 in Spellcasting
  9016 | D:7      | Found a burning altar of Makhleb.
  9066 | D:7      | Found a radiant altar of Vehumet.
  9232 | D:7      | Became a worshipper of Vehumet
  9680 | D:8      | Noticed Maurice
 10304 | D:1      | Reached * piety under Vehumet
 10304 | D:1      | Offered knowledge of Flame Tongue by Vehumet.
 10628 | D:2      | Found a shimmering altar of Xom.
 11305 | D:5      | Gained mutation: You expend magic power (3 MP) to
                  | strengthen your wands. [potion of mutation]
 11305 | D:5      | Gained mutation: Your system is resistant to poisons.
                  | (rPois) [potion of mutation]
 11305 | D:5      | Gained mutation: Your spells are a little harder to cast,
                  | but a little more powerful. [potion of mutation]
 11305 | D:5      | Gained mutation: Your mind is acute. (Int +2) [potion of
                  | mutation]
 11571 | D:6      | Reached skill level 5 in Conjurations
 12592 | D:7      | Reached skill level 5 in Stealth
 12739 | D:7      | Found a staircase to the Ecumenical Temple.
 12745 | Temple   | Entered the Ecumenical Temple
 13469 | D:8      | Reached skill level 12 in Spellcasting
 14131 | D:8      | Noticed Harold
 14281 | D:8      | Killed Harold
 14281 | D:8      | Reached XP level 10. HP: 47/53 MP: 13/28
 14518 | D:8      | Offered knowledge of Throw Flame by Vehumet.
 14552 | D:8      | Learned a level 2 spell: Throw Flame
 14576 | D:8      | Reached ** piety under Vehumet
 14604 | D:8      | Noticed Pikel
 14605 | D:8      | Found an opulent altar of Gozag.
 14876 | D:8      | Killed Pikel
 15037 | D:9      | Noticed a sixfirhy
 15049 | D:9      | Found a runed translucent door.
 15183 | D:9      | Reached skill level 13 in Spellcasting
 15204 | D:9      | Reached skill level 5 in Dodging
 15475 | D:9      | Reached skill level 5 in Fire Magic
 15681 | D:9      | Found a staircase to the Lair.
 15690 | D:9      | Found an ancient bone altar of Kikubaaqudgha.
 15975 | D:9      | Found Iffifuiz's Distillery.
 16261 | D:10     | Entered Level 10 of the Dungeon
 16281 | D:10     | Offered knowledge of Ignite Poison by Vehumet.
 16287 | D:10     | Reached XP level 11. HP: 34/57 MP: 0/30
 16470 | D:10     | Learned a level 3 spell: Ignite Poison
 16613 | D:10     | Reached *** piety under Vehumet
 17129 | D:10     | Offered knowledge of Sticky Flame by Vehumet.
 17145 | D:10     | Learned a level 4 spell: Sticky Flame
 17604 | D:10     | Reached skill level 14 in Spellcasting
 17773 | D:11     | Reached skill level 1 in Evocations
 18269 | D:10     | Found a sparkling altar of Nemelex Xobeh.
 18342 | D:11     | Reached skill level 1 in Armour
 18379 | D:11     | Noticed a green ugly thing
 18509 | Lair:1   | Entered Level 1 of the Lair of Beasts
 18515 | Lair:1   | Noticed an oklob plant
 18795 | Lair:1   | Reached **** piety under Vehumet
 19127 | Lair:1   | HP: 2/57 [komodo dragon (15)]
 19127 | Lair:1   | Killed from afar by an electric eel

Skill      XL: |  1  2  3  4  5  6  7  8  9 10 11 |
---------------+----------------------------------+-----
Spellcasting   | 5 6 7 8 9 10 12 13 14 | 14.8
Stealth        | 3 4 5 6 |  6.8
Conjurations   | 2 3 4 6 7 8 |  8.7
Air Magic      | 1 2 3 |  3.4
Fighting       | 1 2 |  2.2
Short Blades   | 1 3 4 |  4.3
Dodging        | 3 4 5 |  5.4
Poison Magic   | 1 2 |  2.7
Summonings     | 2 3 4 |  4.0
Fire Magic     | 2 5 6 |  6.8
Translocations | 2 |  2.5
Evocations     | 1 |  1.1
Armour         | 2 |  2.2

Action                   |  1- 3 |  4- 6 |  7- 9 | 10-12 || total
-------------------------+-------+-------+-------+-------++-------
Melee: Unarmed           |     4 |       |       |       ||     4
       Dagger            |       |    58 |   338 |    84 ||   480
 Cast: Magic Dart        |    95 |    87 |   332 |    24 ||   538
       Call Imp          |     9 |     3 |    32 |     5 ||    49
       Conjure Flame     |     2 |    12 |    38 |    22 ||    74
       Mephitic Cloud    |     1 |    10 |    41 |    19 ||    71
       Blink             |     1 |     5 |    14 |     4 ||    24
       Throw Flame       |       |       |       |   262 ||   262
       Sticky Flame      |       |       |       |    17 ||    17
Evoke: Wand              |       |       |     6 |     5 ||    11
  Use: Scroll            |       |     2 |    10 |     1 ||    13
       Potion            |       |     1 |     1 |       ||     2
 Stab: Confused          |       |       |    13 |     5 ||    18
       Sleeping          |       |       |     5 |     1 ||     6
  Eat: Chunk             |     1 |     7 |    19 |     4 ||    31
       Ration            |       |     1 |     3 |     3 ||     7
Armor: Robe              |    12 |    22 |    39 |    21 ||    94
       Leather armour    |       |       |    22 |       ||    22
       Troll leather arm |       |       |       |     6 ||     6
Dodge: Dodged            |    18 |    40 |   177 |   100 ||   335
